 Dungeon Crawl Stone Soup version 0.22-a0-614-g34fbaa0 (webtiles) character file.

406 mibe the Chiller (level 7, -1/46 HPs)
             Began as a Formicid Ice Elementalist on July 10, 2018.
             Was a Follower of Yredelemnul.
             Slain by a gnoll
             ... wielding a +0 spear
              (3 damage)
             ... on level 4 of the Dungeon on July 11, 2018.
             The game lasted 00:05:10 (4622 turns).

mibe the Chiller (Formicid Ice Elementalist)        Turns: 4622, Time: 00:05:10

Health: -1/46      AC:  2    Str: 13    XL:     7   Next: 12%
Magic:  6/10       EV: 12    Int: 16    God:    Yredelemnul [*.....]
Gold:   189        SH:  0    Dex: 11    Spells: 1/11 levels left

rFire    . . .     SeeInvis +   a - +2 flail (drain)
rCold    . . .     Gourm    .   (no shield)
rNeg     . . .     Faith    .   r - +0 robe
rPois    .         Spirit   .   (helmet unavailable)
rElec    .         Reflect  .   (no cloak)
rCorr    .         Harm     .   (no gloves)
MR       .....                  (no boots)
Stlth    ++........             (no amulet)
HPRegen  0.15/turn              (no ring)
MPRegen  0.12/turn              (no ring)

@: no status effects
A: permanent stasis, dig shafts and tunnels, four strong arms, antennae 3
a: Dig, Shaft Self, Animate Remains, Renounce Religion


You were on level 4 of the Dungeon.
You worshipped Yredelemnul.
Yredelemnul was aware of your devotion.
You were hungry.

You visited 1 branch of the dungeon, and saw 5 of its levels.

You collected 189 gold pieces.

Inventory:

Hand Weapons
 a - a +2 flail of draining (weapon)
Armour
 r - a +0 robe (worn)
Jewellery
 m - an uncursed amulet of magic regeneration {unknown}
 o - an uncursed ring of magical power {unknown}
 w - an uncursed amulet of rage {unknown}
Wands
 p - a wand of polymorph (12)
 s - a wand of digging (17)
Scrolls
 d - 2 scrolls of remove curse {unknown}
 e - 7 scrolls of identify {unknown}
 g - 2 scrolls of immolation {unknown}
 h - 3 scrolls of magic mapping {unknown}
 i - 2 scrolls of enchant weapon {unknown}
 j - a scroll of teleportation {unknown}
 n - a scroll of enchant armour {unknown}
Potions
 b - a potion of flight {unknown}
 f - 4 potions of mutation {unknown}
 k - 4 potions of heal wounds {unknown}
 l - 2 potions of degeneration {unknown}
 q - a potion of agility {unknown}
 t - a potion of invisibility {unknown}
 u - a potion of lignification {unknown}
 v - a potion of brilliance {unknown}
Comestibles
 c - 5 rations


   Skills:
 - Level 1.7 Dodging
 - Level 2.4 Stealth
 - Level 2.5 Spellcasting
 - Level 0.8 Conjurations
 + Level 7.4 Ice Magic


You had one spell level left.
You knew the following spells:

 Your Spells              Type           Power        Failure   Level  Hunger
a - Freeze                Ice            ####         1%          1    #......
b - Throw Frost           Conj/Ice       ###...       5%          2    ##.....
c - Ozocubu's Armour      Chrm/Ice       ##......     13%         3    ###....
d - Summon Ice Beast      Ice/Summ       ##......     38%         4    #####..

Your spell library contained the following spells:

 Spells                   Type           Power        Failure   Level  Hunger
 Throw Icicle             Conj/Ice       ###.....     34%         4    #####..


Dungeon Overview and Level Annotations

Branches:
Dungeon (5/15)
 Temple: D:4-7

Altars:
Ashenzari
Elyvilon
Fedhas
Qazlal
Trog
Yredelemnul


Innate Abilities, Weirdness & Mutations

You cannot be hasted, slowed, berserked, paralysed or teleported.
You can dig through walls and to a lower floor.
Your four strong arms can wield two-handed weapons with a shield.
You have a pair of large antennae on your head. (SInv)


Message History

Casting: Ozocubu's Armour (safe; 13% risk of failure)
Confirm with . or Enter, or press ? or * to list all spells.
Aiming: Freeze (safe; 1% risk of failure)
Press: ? - help, Shift-Dir - straight line, f - gnoll
Aim: a gnoll, wielding a spear You freeze the gnoll.
The gnoll is moderately wounded.
The gnoll misses you. The gnoll barely misses you.
Casting: Freeze (safe; 1% risk of failure)
Confirm with . or Enter, or press ? or * to list all spells.
Aiming: Freeze (safe; 1% risk of failure)
Press: ? - help, Shift-Dir - straight line, f/p - gnoll
Aim: a gnoll, wielding a spear (moderately wounded)
You freeze the gnoll.
The gnoll is severely wounded.
The gnoll hits you with a flail!
* * * LOW HITPOINT WARNING * * *
The gnoll hits you with a spear.
You die...
Your body rises from the dead as a mindless zombie.

#.....# #...# #.##.#
###.....#####..###.##.#
..'.....'......#...##.#
###.....#####.........#
#######
#....###..#########
##..####..#.......#
#........#.####.##
##gg#<........#.#
#g@####.#.##.#.# ####
#.#.##.#.# #.#....#.#
#.######.# #........#
##########


You could see 3 gnolls.

Vanquished Creatures
  An ogre (D:4)
  A howler monkey (D:4)
  2 orc wizards
  Jessica (D:3)
  2 worker ants (D:4)
  6 adders
  An ooze (D:1)
  A worm (D:3)
  6 dart slugs
  2 leopard geckos
  4 orcs
  A ball python (D:4)
  5 bats
  5 giant cockroaches
  9 hobgoblins
  5 jackals
  7 frilled lizards
  9 goblins
  6 kobolds
  A leopard gecko skeleton (D:4)
  6 rats
81 creatures vanquished.

Notes
Turn   | Place    | Note
-------+----------+-------------------------------------------
     0 | D:1      | mibe the Formicid Ice Elementalist began the quest for the Orb.
     0 | D:1      | Reached XP level 1. HP: 13/13 MP: 3/3
   120 | D:1      | Reached XP level 2. HP: 18/19 MP: 0/5
   175 | D:1      | Learned a level 2 spell: Throw Frost
   684 | D:1      | Reached skill level 4 in Ice Magic
   684 | D:1      | Reached XP level 3. HP: 24/24 MP: 1/6
  1014 | D:1      | Learned a level 3 spell: Ozocubu's Armour
  1536 | D:2      | Reached XP level 4. HP: 23/30 MP: 0/7
  2177 | D:3      | Reached skill level 5 in Ice Magic
  2335 | D:3      | Reached XP level 5. HP: 21/35 MP: 2/8
  3072 | D:3      | Found a shattered altar of Ashenzari.
  3072 | D:3      | Found a stormy altar of Qazlal.
  3077 | D:3      | Found a faded altar of an unknown god.
  3078 | D:3      | Noticed Jessica
  3079 | D:3      | Found a bloodstained altar of Trog.
  3080 | D:3      | Found a blossoming altar of Fedhas.
  3083 | D:3      | Killed Jessica
  3313 | D:3      | Upgraded the game from 0.22-a0-609-gfedc9ff to 0.22-a0-614-g34fbaa0
  3317 | D:3      | Became a worshipper of Yredelemnul the Dark
  3317 | D:3      | Reached * piety under Yredelemnul
  3375 | D:4      | Reached skill level 6 in Ice Magic
  3375 | D:4      | Reached XP level 6. HP: 38/41 MP: 3/9
  3966 | D:4      | Learned a level 4 spell: Summon Ice Beast
  3995 | D:4      | Noticed an ogre
  4003 | D:4      | Killed an ogre
  4003 | D:4      | Reached skill level 7 in Ice Magic
  4208 | D:4      | Reached XP level 7. HP: 39/46 MP: 8/10
  4219 | D:4      | Found a white marble altar of Elyvilon.
  4449 | D:5      | Entered Level 5 of the Dungeon
  4622 | D:4      | HP: 2/46 [gnoll/flail (10)]
  4622 | D:4      | Slain by a gnoll

Vault maps used:
D:1:      lemuel_arrival_behind_the_door_large, solitary_fountain
D:2:      minmay_mini_jars
D:3:      chequers_temple_overflow_minitemple, minmay_crystal_water,
          dk_vineyard_3, uniq_jessica
D:4:      kennysheep_mini_moat
D:5:      first_ration, uniq_ijyb

Skill      XL: |  1  2  3  4  5  6 |
---------------+-------------------+-----
Ice Magic      | 4 5 6 7 |  7.4
Dodging        | |  1.7
Stealth        | |  2.4
Spellcasting   | |  2.5
Conjurations   | |  0.8

Action                   |  1- 3 |  4- 6 |  7- 9 || total
-------------------------+-------+-------+-------++-------
Melee: Unarmed           |    11 |    10 |       ||    21
       Flail             |       |    43 |     4 ||    47
 Cast: Freeze            |    63 |    74 |     5 ||   142
       Ozocubu's Armour  |       |       |     1 ||     1
 Abil: Dig               |     1 |       |       ||     1
 Stab: Sleeping          |       |     5 |       ||     5
  Eat: Chunk             |     3 |     9 |     1 ||    13
Armor: Robe              |    10 |    16 |     4 ||    30
Dodge: Dodged            |    51 |    83 |    11 ||   145

Table legend:
 A = Spawn XP
 B = Non-spawn XP
 C = Spawn XP percentage of total XP
 D = Spawn monster count
 E = Non-spawn monster count
 F = Spawn count percentage of total count
 G = Total turns spent on level
                    A         B        C        D         E        F      G
               +---------+---------+-------+---------+---------+-------+---------
         Total |       0 |     580 |   0.0 |       0 |      81 |   0.0 |  4622
               +---------+---------+-------+---------+---------+-------+---------
           D:1 |       0 |      41 |   0.0 |       0 |      20 |   0.0 |  1181
           D:2 |       0 |      74 |   0.0 |       0 |      26 |   0.0 |   996
           D:3 |       0 |     111 |   0.0 |       0 |      17 |   0.0 |  1191
           D:4 |       0 |     341 |   0.0 |       0 |      17 |   0.0 |  1245
           D:5 |       0 |      13 |   0.0 |       0 |       1 |   0.0 |     9
               +---------+---------+-------+---------+---------+-------+---------
